 Dungeon Crawl Stone Soup version 0.28-a0-851-g8b9cc49659 (webtiles) character file.

Game seed: 17268300134739126710

93 Twinkles the Vexing (level 4, -2/30 HPs)
             Began as a Vampire Enchanter on Nov 14, 2021.
             Succumbed to a killer bee's poison
             ... on level 3 of the Dungeon.
             The game lasted 00:21:48 (3185 turns).

Twinkles the Vexing (Vampire Enchanter)             Turns: 3185, Time: 00:21:48

Health: -2/30      AC:  6    Str:  7    XL:     4   Next: 37%
Magic:  4/8        EV: 12    Int: 18    God:
Gold:   172        SH:  0    Dex: 14    Spells: 1/8 levels left

rFire   . . .      SeeInvis +   a - +0 dagger (vamp)
rCold   . . .      Faith    .   (no shield)
rNeg    + . .      Spirit   .   l - +2 robe {rN+}
rPois   .          Reflect  .   (no helmet)
rElec   .          Harm     .   q - +0 cloak
rCorr   .          Rampage  .   c - +0 pair of gloves
Will    .....                   (no boots)
Stlth   +++.......              (no amulet)
HPRegen 0.30/turn               (no ring)
MPRegen 0.11/turn               (no ring)

@: lethally poisoned (-2 -> -13), healing quickly, hasted, very quick
A: alive, fangs 3, see invisible, vampiric 2
a: Exsanguinate


You were on level 3 of the Dungeon.
You visited 1 branch of the dungeon, and saw 4 of its levels.

You collected 172 gold pieces.

Inventory:

Hand Weapons
 a - a +0 vampiric dagger (weapon)
 d - a +1 dagger
 m - a +0 dagger of venom
Missiles
 r - 33 sling bullets
 s - 44 stones
Armour
 b - a +0 robe
 c - a +0 pair of gloves (worn)
 l - a +2 robe of positive energy (worn)
 q - a +0 cloak (worn)
Jewellery
 o - a ring of poison resistance
Scrolls
 g - 3 scrolls of teleportation {unknown}
 h - a scroll of acquirement {unknown}
 i - 2 scrolls of amnesia {unknown}
 n - a scroll of blinking {unknown}
 p - a scroll of identify {unknown}
 t - a scroll of enchant armour {unknown}
Potions
 e - a potion of flight {unknown}
 f - a potion of degeneration {unknown}
 k - 2 potions of attraction {unknown}
 H - a potion of haste
 I - a potion of invisibility


   Skills:
 - Level 1.4 Short Blades
 - Level 2.4 Dodging
 + Level 4.9 Stealth
 + Level 2.8 Spellcasting
 + Level 5.4 Hexes
 + Level 0.6 Summonings
 - Level 1.4 Ice Magic


You had one spell level left.
You knew the following spells:

 Your Spells              Type           Power      Damage    Failure   Level
a - Ensorcelled Hibernat  Hex/Ice        28%        N/A       6%          2
b - Confusing Touch       Hex            22%        N/A       5%          3
c - Call Imp              Summ           4%         N/A       21%         2

Your spell library contained the following spells:

 Spells                   Type           Power      Damage    Failure   Level
 Magic Dart               Conj           8%         1d3       17%         1
 Pain                     Necr           8%         1d4       17%         1
 Shock                    Conj/Air       8%         1d3       17%         1
 Tukima's Dance           Hex            22%        N/A       5%          3
 Dazzling Flash           Conj/Hex       24%        N/A       16%         3
 Static Discharge         Conj/Air       2%         N/A       26%         2
 Sublimation of Blood     Necr           2%         N/A       26%         2
 Wereblood                Tmut           2%         N/A       26%         2
 Mephitic Cloud           Conj/Pois/Air  2%         N/A       45%         3
 Summon Mana Viper        Hex/Summ       13%        N/A       80%         5
 Fireball                 Conj/Fire      1%         3d3       99%         5
 Summon Forest            Summ/Tloc      1%         N/A       99%         5
 Summon Cactus Giant      Summ           2%         N/A       100%        6
 Summon Hydra             Summ           2%         N/A       100%        7


Dungeon Overview and Level Annotations

Branches:
Dungeon (4/15)
 Temple: D:4-7

Altars:

Shops:
D:2 :   D:3 *

Annotations:
D:3 exclusion: ogre


Innate Abilities, Weirdness & Mutations

Your natural rate of healing is accelerated.
You have razor-sharp teeth.
You have supernaturally acute eyesight. (SInv)
You are afflicted with vampirism and can become a bat while bloodless.


Message History

You feel very sick.
There is a stone staircase leading down here.
You miss the killer bee.
The killer bee is almost dead.
You feel sick. The killer bee misses you.
You hit the killer bee but do no damage.
The killer bee is almost dead.
You feel sick. The killer bee stings you.
* * * LOW HITPOINT WARNING * * *
The killer bee barely misses you.
Okay, then.
Unknown command.
Unknown command.
Casting: Ensorcelled Hibernation (safe; 6% risk of failure)
Confirm with . or Enter, or press ? or * to list all spells.
Okay, then.
Unknown command.
Casting: Ensorcelled Hibernation (safe; 6% risk of failure)
Confirm with . or Enter, or press ? or * to list all spells.
Aiming: Ensorcelled Hibernation (safe; 6% risk of failure)
Press: ? - help, Shift-Dir - straight line, f - killer bee
Aim: a killer bee (almost dead, chance to affect: 53%)
The killer bee resists with significant effort.
You feel sick. The killer bee stings you.
* * * LOW HITPOINT WARNING * * *
The killer bee stings you but does no damage.
Casting: Ensorcelled Hibernation (safe; 6% risk of failure)
Confirm with . or Enter, or press ? or * to list all spells.
Aiming: Ensorcelled Hibernation (safe; 6% risk of failure)
Press: ? - help, Shift-Dir - straight line, f/p - killer bee
Aim: a killer bee (almost dead, chance to affect: 53%)
The killer bee resists with significant effort.
* * * LOW HITPOINT WARNING * * *
You feel sick. The killer bee stings you.
* * * LOW HITPOINT WARNING * * *
You are more poisoned.
The killer bee poisons you! The killer bee closely misses you.
It was a potion of haste.
You feel yourself speed up.
H - a potion of haste You die...

#........#....##.#
..########.##.##.#
#..###...#.##.##.#
....##.#.#.......#
....<#.#.#.###########
.....#.#.#.##........#
#....#.#.#....######8#
...#.#.#.#.####### #.#
................@###∩#
.......#.####..y.....#
.#.#####.# ###.#####<#
.........# #.......#.#
.#.##.######.####...8#
.#.##......#...<#....#
.#.##......#####...###
.#.#.......+.......#####
.#.#.......#####.......#


You could see a killer bee.

Vanquished Creatures
  Jessica (D:2)
  An adder (D:3)
  An adder skeleton (D:3)
  2 worms
  A dart slug (D:2)
  4 ball pythons
  4 endoplasms
  A giant cockroach (D:2)
  7 hobgoblins
  8 bats
  3 frilled lizards
  7 goblins
  4 kobolds
  5 rats
49 creatures vanquished.

Notes
Turn   | Place    | Note
-------+----------+-------------------------------------------
     0 | D:1      | Twinkles the Vampire Enchanter began the quest for the Orb.
     0 | D:1      | Reached XP level 1. HP: 13/13 MP: 3/3
     3 | D:1      | Noticed an electric eel
     4 | D:1      | Noticed an electric eel
   298 | D:1      | Found a faded altar of an unknown god.
   304 | D:1      | Reached XP level 2. HP: 19/19 MP: 5/5
   337 | D:1      | Got Plato's Guide on Unholy Magic
   703 | D:2      | Learned a level 2 spell: Ensorcelled Hibernation
   944 | D:2      | Found Vueryehi's Book Shop.
  1516 | D:2      | Gained mutation: You are afflicted with vampirism and can
                  | become a bat while bloodless. [Vampire growth]
  1516 | D:2      | Reached XP level 3. HP: 24/24 MP: 6/6
  1538 | D:2      | Noticed Jessica
  1546 | D:2      | Killed Jessica
  1547 | D:2      | Reached skill level 5 in Hexes
  1547 | D:2      | Reached skill level 1 in Ice Magic
  2013 | D:3      | Found Gyzeoq's Assorted Antiques.
  2205 | D:3      | Reached XP level 4. HP: 30/30 MP: 0/7
  2701 | D:3      | Noticed an ogre
  3033 | D:3      | Got Vehumet's Tome of Attacks
  3038 | D:3      | Learned a level 3 spell: Confusing Touch
  3041 | D:3      | Learned a level 2 spell: Call Imp
  3182 | D:3      | HP: 9/30 [killer bee (4)]
  3184 | D:3      | HP: 4/30 [poisoned by a killer bee]
  3184 | D:3      | HP: 1/30 [killer bee (3)]
  3185 | D:3      | Succumbed to a killer bee's poison

Illustrated notes

Levels and vault maps discovered:
D:1:      arrival_aquarium_b, layout_loops_ring,
          shapermc_ecumenical_altar_rom_forum, serial_glass, glass_columns_a,
          glass_columns_a, glass_columns_a
D:2:      layout_basic, serial_shops, shop, chequers_garden,
          lemuel_another_geyser, uniq_jessica
D:3:      layout_basic, serial_shops, shop_statue, hex_tiny, chequers_arboretum,
          minmay_cupped
D:4:      layout_cave_pods, nicolae_shop_clearance

Skill      XL: |  1  2  3 |
---------------+----------+-----
Hexes          | 5 |  5.4
Ice Magic      | 1 |  1.4
Short Blades   | |  1.4
Dodging        | |  2.4
Stealth        | |  4.9
Spellcasting   | |  2.8
Summonings     | |  0.6

Action                   |  1- 3 |  4- 6 || total
-------------------------+-------+-------++-------
Melee: Dagger            |    75 |    42 ||   117
       Bite              |     3 |     3 ||     6
Throw: Stone             |     4 |       ||     4
 Cast: Ensorcelled Hiber |    27 |    13 ||    40
  Use: Potion            |       |     1 ||     1
 Stab: Sleeping          |    23 |    12 ||    35
Armor: Robe              |    16 |    20 ||    36
Dodge: Dodged            |    39 |    25 ||    64

Table legend: (Time is in decaauts)
 A = Elapsed time spent in this place.
 B = Non-inter-level travel time spent in this place.
 C = Inter-level travel time spent in this place.
 D = Time resting spent in this place.
 E = Time spent auto-exploring this place.
 F = Levels seen in this place.
 G = Mean time per level.
                   A        B        C        D        E       F      G
               +--------+--------+--------+--------+--------+-----+--------+
         Total |   3178 |   2898 |    280 |    163 |   1970 |   4 |  794.5 |
       Dungeon |   3178 |   2898 |    280 |    163 |   1970 |   4 |  794.5 |
               +--------+--------+--------+--------+--------+-----+--------+

Top non-repeatable levels by time:
     D:2: 1437 daAuts
     D:3: 1067 daAuts
     D:1: 670 daAuts
     D:4: 2 daAuts
